 Dungeon Crawl Stone Soup version 0.30-a0-723-gc1506a1cf0 (webtiles) character file.

Game seed: 2921223320915971803

163 Leeroy the Grasshopper (level 5, -1/43 HPs)
             Began as a Gnoll Warper on Jan 28, 2023.
             Was an Initiate of Okawaru.
             Slain by a bullfrog (6 damage)
             ... on level 6 of the Dungeon.
             The game lasted 00:03:26 (2236 turns).

Leeroy the Grasshopper (Gnoll Warper)               Turns: 2236, Time: 00:03:26

Health: -1/43      AC:  4    Str: 10    XL:     5   Next: 44%
Magic:  11/12      EV: 14    Int: 13    God:    Okawaru [......]
Gold:   167        SH:  0    Dex: 19    Spells: 6/14 levels left

rFire   . . .      SeeInvis .    e - +1 short sword (venom)
rCold   . . .      Faith    .    (no shield)
rNeg    . . .      Spirit   .    b - +0 leather armour
rPois   +          Reflect  .    (no helmet)
rElec   .          Harm     .    w - +0 cloak {rPois}
rCorr   .          Rampage  .    (no gloves)
Will    .....                    (no boots)
Stlth   ++                       (no amulet)
HPRegen 0.27/turn                o - ring of wizardry
MPRegen 0.13/turn                q - +6 ring of dexterity

@: no status effects
A: fangs 1, strong nose, distributed training
a: Renounce Religion


You were on level 6 of the Dungeon.
You worshipped Okawaru.
Okawaru was noncommittal.
You visited 2 branches of the dungeon, and saw 5 of its levels.

You collected 167 gold pieces.

Inventory:

Hand Weapons
 a - a +0 falchion
 e - a +1 short sword of venom (weapon)
 g - a +0 long sword
 s - a +0 arbalest
 B - a +0 hand axe of electrocution
Armour
 b - a +0 leather armour (worn)
 w - a +0 cloak of poison resistance (worn)
Magical Staves
 i - a staff of conjuration
Jewellery
 h - a ring of ice
 o - a ring of wizardry (left hand)
 p - a ring of willpower
 q - a +6 ring of dexterity (right hand)
Scrolls
 c - a scroll of blinking
 k - a scroll of enchant armour {unknown}
 m - a scroll of noise {unknown}
 r - a scroll of fear {unknown}
 u - a scroll of teleportation {unknown}
 v - 2 scrolls of identify {unknown}
 y - a scroll of poison {unknown}
 C - a scroll of magic mapping {unknown}
Potions
 f - 2 potions of ambrosia {unknown}
 j - 2 potions of degeneration {unknown}
 l - a potion of flight {unknown}
 n - a potion of lignification {unknown}
 t - a potion of haste {unknown}
 x - a potion of cancellation {unknown}
 z - a potion of curing {unknown}
 A - a potion of brilliance {unknown}


   Skills:
 + Level 4.8 Fighting
 + Level 1.5 Short Blades
 + Level 4.8 Long Blades
 + Level 1.5 Axes
 + Level 1.5 Maces & Flails
 + Level 1.5 Polearms
 + Level 1.5 Staves
 + Level 1.5 Ranged Weapons
 + Level 3.0 Throwing
 + Level 3.0 Armour
 + Level 4.8 Dodging
 + Level 1.5 Stealth
 + Level 1.5 Shields
 + Level 1.5 Unarmed Combat
 + Level 5.2 Spellcasting
 + Level 1.2 Conjurations
 + Level 1.2 Hexes
 + Level 1.2 Summonings
 + Level 1.2 Necromancy
 + Level 5.5 Translocations
 + Level 1.2 Transmutations
 + Level 1.2 Fire Magic
 + Level 1.2 Ice Magic
 + Level 1.2 Air Magic
 + Level 1.2 Earth Magic
 + Level 1.2 Poison Magic
 + Level 1.7 Invocations
 + Level 1.5 Evocations


You had 6 spell levels left.
You knew the following spells:

 Your Spells              Type           Power      Damage    Failure   Level
a - Blink                 Tloc           34%        N/A       1%          2
b - Vhi's Electric Charg  Tloc/Air       24%        N/A       8%          3
c - Teleport Other        Tloc           17%        N/A       3%          3

Your spell library contained the following spells:

 Spells                   Type           Power      Damage    Failure   Level
 Lesser Beckoning         Tloc           34%        N/A       1%          2
 Manifold Assault         Tloc           17%        N/A       10%         4
 Passage of Golubria      Tloc           17%        N/A       10%         4
 Fireball                 Conj/Fire      3%         3d4       82%         5
 Iskenderun's Battlesphe  Conj           6%         2d6       82%         5
 Yara's Violent Unravell  Hex/Tmut       3%         3d4       82%         5
 Conjure Ball Lightning   Conj/Air       3%         3x3d6     100%        6
 Orb of Destruction       Conj           3%         9d5       100%        7
 Tukima's Dance           Hex            Unusable   N/A       N/A         3

Dungeon Overview and Level Annotations

Branches:
Dungeon (6/15)             Temple (1/1) D:6

Altars:
Dithmenos
Hepliaklqana
Kikubaaqudgha
Okawaru
Sif Muna
Uskayaw
Wu Jian
Yredelemnul
Zin
The Shining One


Innate Abilities, Weirdness & Mutations

You have very sharp teeth.
Your uncanny sense of smell can sniff out nearby items.
Your experience applies equally to all skills.


Message History

The boomerang of dispersal hits the ice beast but does no damage.
The ice beast is heavily wounded.
Throw: 3 boomerangs (disperse)
Press: ? - help, Q - select action, (/) - cycle Shift-Dir - straight line, f/p - ice beast
Aim: an ice beast (heavily wounded, 64% to hit)
You throw a boomerang of dispersal.
The boomerang of dispersal completely misses the ice beast.
The ice beast hits you but does no damage.
Throw: 2 boomerangs (disperse)
Press: ? - help, Q - select action, (/) - cycle Shift-Dir - straight line, f/p - ice beast
Aim: an ice beast (heavily wounded, 64% to hit)
You throw a boomerang of dispersal.
The boomerang of dispersal hits the ice beast.
The ice beast blinks!
The ice beast is heavily wounded.
You aren't carrying any items that you can evoke.
Unknown command.
Casting: Blink (safe; 1% risk of failure)
Confirm with . or Enter, or press ? or * to list all spells.
Okay, then.
Okay, then.
Throw: boomerang (disperse)
Press: ? - help, Q - select action, (/) - cycle Shift-Dir - straight line, f/p - ice beast
Aim: an ice beast (heavily wounded, 64% to hit)
You throw a boomerang of dispersal.
The boomerang of dispersal hits the ice beast but does no damage.
The ice beast is heavily wounded.
The ice beast closely misses you.
Casting: Blink (safe; 1% risk of failure)
Confirm with . or Enter, or press ? or * to list all spells.
Aiming: Teleport Other (dangerous; 3% risk of failure)
Press: ? - help, Shift-Dir - straight line, f/p - ice beast
Aim: an ice beast (heavily wounded, chance to affect: 56%)
The ice beast looks slightly unstable.
The ice beast closely misses you.
The ice beast disappears!
There is a staircase back to the Dungeon here.
You climb upwards.
Welcome back to the Dungeon!
The iguana bites you!
* * * LOW HITPOINT WARNING * * *
The bullfrog hits you.
You die...

#.# #.#.. #.# #.#.#
#.# #.#.## #
#.########....# ..
#.#.........#.#####..
#.#.##................
#.#.##.##.#.#...#.#...
#.#.##.##.#..#.#....#
#......##.#..l@...###
###.#####....#F#..#
#.........#...#....
####............##..
...........## .
...........#
..........# #.###!##.#


You could see a bullfrog and an iguana.

Vanquished Creatures
  4 gnolls (D:3)
  4 adders
  3 dart slugs
  5 orcs (D:6)
  4 bats
  7 endoplasms
  5 giant cockroaches
  3 goblins
  A hobgoblin (D:2)
  11 jackals
  7 kobolds
  A quokka (D:3)
  8 ball pythons
  4 frilled lizards
  3 rats
70 creatures vanquished.

Notes
Turn   | Place    | Note
-------+----------+-------------------------------------------
     0 | D:1      | Leeroy the Gnoll Warper began the quest for the Orb.
     0 | D:1      | Reached XP level 1. HP: 20/20 MP: 6/6
   203 | D:1      | Reached XP level 2. HP: 15/26 MP: 7/7
   388 | D:1      | Reached skill level 5 in Spellcasting
   388 | D:1      | Reached XP level 3. HP: 28/31 MP: 7/9
   629 | D:1      | Reached skill level 1 in Invocations
   749 | D:1      | Learned a level 2 spell: Blink
   753 | D:1      | Learned a level 3 spell: Vhi's Electric Charge
   757 | D:1      | Learned a level 3 spell: Teleport Other
   905 | D:2      | Reached skill level 1 in Short Blades
   905 | D:2      | Reached skill level 1 in Axes
   905 | D:2      | Reached skill level 1 in Maces & Flails
   905 | D:2      | Reached skill level 1 in Polearms
   905 | D:2      | Reached skill level 1 in Staves
   905 | D:2      | Reached skill level 1 in Ranged Weapons
   905 | D:2      | Reached skill level 1 in Stealth
   905 | D:2      | Reached skill level 1 in Shields
   905 | D:2      | Reached skill level 1 in Unarmed Combat
   905 | D:2      | Reached skill level 1 in Evocations
   936 | D:2      | Reached XP level 4. HP: 38/38 MP: 11/11
  1408 | D:3      | Reached skill level 1 in Conjurations
  1408 | D:3      | Reached skill level 1 in Hexes
  1408 | D:3      | Reached skill level 1 in Summonings
  1408 | D:3      | Reached skill level 1 in Necromancy
  1408 | D:3      | Reached skill level 1 in Transmutations
  1408 | D:3      | Reached skill level 1 in Fire Magic
  1408 | D:3      | Reached skill level 1 in Ice Magic
  1408 | D:3      | Reached skill level 1 in Air Magic
  1408 | D:3      | Reached skill level 1 in Earth Magic
  1408 | D:3      | Reached skill level 1 in Poison Magic
  1739 | D:3      | Reached XP level 5. HP: 17/43 MP: 12/12
  2050 | D:3      | You fall into a shaft and drop 3 floors!
  2185 | D:6      | Found a staircase to the Ecumenical Temple.
  2187 | D:6      | Noticed an ice beast
  2193 | Temple   | Entered the Ecumenical Temple
  2208 | Temple   | Became a worshipper of Warmaster Okawaru
  2236 | D:6      | Slain by a bullfrog

Illustrated notes

Levels and vault maps discovered:
D:1:      elethiomel_arrival_shortcut, layout_basic
D:2:      layout_rooms
D:3:      layout_basic, minmay_misc_feat_ornament, cheibrodos_gnoll_hut
D:6:      layout_loops_ring, elyvilon_altar_4, minmay_temple_entry_crystal_x,
          serial_shops, shop, bh_walls_and_bars, uniq_blork_the_orc
Temple:   nicolae_temple_two_arcs

Skill      XL: |  1  2  3  4  5 |
---------------+----------------+-----
Spellcasting   | 5 |  5.2
Invocations    | 1 |  1.7
Short Blades   | 1 |  1.5
Axes           | 1 |  1.5
Maces & Flails | 1 |  1.5
Polearms       | 1 |  1.5
Staves         | 1 |  1.5
Ranged Weapons | 1 |  1.5
Stealth        | 1 |  1.5
Shields        | 1 |  1.5
Unarmed Combat | 1 |  1.5
Evocations     | 1 |  1.5
Conjurations   | 1 |  1.2
Hexes          | 1 |  1.2
Summonings     | 1 |  1.2
Necromancy     | 1 |  1.2
Transmutations | 1 |  1.2
Fire Magic     | 1 |  1.2
Ice Magic      | 1 |  1.2
Air Magic      | 1 |  1.2
Earth Magic    | 1 |  1.2
Poison Magic   | 1 |  1.2
Throwing       | 3 |  3.0
Armour         | 3 |  3.0
Fighting       | |  4.8
Long Blades    | |  4.8
Dodging        | |  4.8
Translocations | |  5.5

Action                     |  1- 3 |  4- 6 || total
---------------------------+-------+-------++-------
  Melee: Falchion          |    12 |       ||    12
         Short sword       |    88 |    81 ||   169
         Bite              |     7 |    14 ||    21
         Punch             |     2 |     2 ||     4
  Throw: Boomerang         |       |     7 ||     7
   Cast: Teleport Other    |       |     1 ||     1
         Blink             |       |     1 ||     1
         Vhi's Electric Ch |       |     1 ||     1
   Stab: Sleeping          |     3 |     3 ||     6
 Armour: Leather armour    |    20 |    21 ||    41
  Dodge: Dodged            |    64 |    59 ||   123

Table legend: (Time is in decaauts)
 A = Elapsed time spent in this place.
 B = Non-inter-level travel time spent in this place.
 C = Inter-level travel time spent in this place.
 D = Time resting spent in this place.
 E = Time spent auto-exploring this place.
 F = Levels seen in this place.
 G = Mean time per level.
                   A        B        C        D        E       F      G
               +--------+--------+--------+--------+--------+-----+--------+
         Total |   2228 |   2117 |    111 |     92 |   1513 |   5 |  445.6 |
       Dungeon |   2184 |   2075 |    109 |     92 |   1513 |   4 |  546.0 |
        Temple |     43 |     41 |      2 |      0 |      0 |   1 |   43.0 |
               +--------+--------+--------+--------+--------+-----+--------+

Top non-repeatable levels by time:
     D:1: 837 daAuts
     D:2: 642 daAuts
     D:3: 563 daAuts
     D:6: 141 daAuts
  Temple: 43 daAuts
